MID
CHARLESTON RIVERDOGS @ LEXINGTON LEGENDS
07/20/2047
 
TOP OF THE 1ST
Charleston RiverDogs batting - Pitching for Lexington Legends : RHP Pedro Sosa
Pitching: RHP Pedro Sosa
Batting: LHB Toshimi Kusumoto 0-0: Ball
1-0: SINGLE (Groundball, 34, EV 102.5 MPH)
Batting: LHB Brad Ritter 0-0: Called Strike
0-1: Ball
1-1: Ball
2-1: SINGLE (Groundball, 6MD, EV 98.1 MPH)
Toshimi Kusumoto to second
Runner from 2nd tries for 3rd, SAFE, throw by CF made to third
Batting: RHB Eric Blais 0-0: Fly out, F8 (Line Drive, 8LM, EV 89.4 MPH)
Batting: LHB Javier Casas 0-0: Called Strike
0-1: Foul Ball, location: 2F
0-2: Ball
1-2: Ball
2-2: Strikes out swinging
Batting: LHB Carlos del Cueto 0-0: Ball
1-0: Foul Ball, location: 2F
1-1: Ground out 4-3 (Groundball, 4, EV 83.8 MPH)
Top of the 1st over - 0 runs, 2 hits, 0 errors, 2 left on base; Charleston 0 - Lexington 0
BOTTOM OF THE 1ST
Lexington Legends batting - Pitching for Charleston RiverDogs : RHP Jose Guajardo
Pitching: RHP Jose Guajardo
Batting: RHB Imbart Faber 0-0: Ball
1-0: Ground out 6-3 (Groundball, 6M, EV 86.9 MPH)
Batting: RHB Yonetoshi Muranaka 0-0: Ball
1-0: Called Strike
1-1: Called Strike
1-2: Ground out 6-3 (Groundball, 6, EV 105.6 MPH)
Batting: RHB Gavin Jones 0-0: Reached on error, E1 (Groundball, 13S, EV 61.3 MPH)
Batting: LHB Kozo Kanamori 0-0: Called Strike
0-1: Foul Ball, location: 2F
0-2: Ball
1-2: Strikes out swinging
Bottom of the 1st over - 0 runs, 0 hits, 1 error, 1 left on base; Charleston 0 - Lexington 0
TOP OF THE 2ND
Charleston RiverDogs batting - Pitching for Lexington Legends : RHP Pedro Sosa
Batting: RHB Frank Granado 0-0: Ball
1-0: Ball
2-0: Foul Ball, location: 2F
2-1: Ball
3-1: Foul Ball, location: 2F
3-2: DOUBLE (Line Drive, 9LD, EV 95.6 MPH)
Batting: LHB Eric Vernon 0-0: Ball
1-0: SINGLE (Groundball, 25, EV 70.0 MPH) (infield hit)
Frank Granado to third
Pitching: LHP Jaime Padilla
Batting: RHB Colby Macon 0-0: Called Strike
0-1: Ball
1-1: Foul Ball, location: 2F
1-2: Fly out, F7 (Flyball, 7LS, EV 91.9 MPH)
Runner from 3rd tags up, SCORES, throw by LF
Batting: RHB Doug Crouch 0-0: Called Strike
0-1: Ball
1-1: Ball
2-1: Ball
3-1: Called Strike
3-2: Base on Balls
Eric Vernon to second
Batting: LHB Toshimi Kusumoto 0-0: Ball
1-0: Ball
2-0: Ball
3-0: Called Strike
3-1: Base on Balls
Eric Vernon to third
Doug Crouch to second
Batting: LHB Brad Ritter 0-0: Ball
1-0: Ball
2-0: Ball
3-0: Called Strike
3-1: Foul Ball, location: 2F
3-2: Base on Balls
Eric Vernon scores
Doug Crouch to third
Toshimi Kusumoto to second
Pitching: LHP Tony Rivera
Batting: RHB Eric Blais 0-0: Ball
1-0: Ball
2-0: Ball
3-0: Called Strike
3-1: Base on Balls
Doug Crouch scores
Toshimi Kusumoto to third
Brad Ritter to second
Batting: LHB Javier Casas 0-0: SINGLE (Line Drive, 9S, EV 108.1 MPH)
Toshimi Kusumoto scores
Brad Ritter to third
Eric Blais to second
Batting: LHB Carlos del Cueto 0-0: Ball
1-0: Ball
2-0: Ball
3-0: Called Strike
3-1: Foul Ball, location: 2F
3-2: Foul Ball, location: 2F
3-2: Strikes out swinging
Batting: RHB Frank Granado 0-0: Called Strike
0-1: Ball
1-1: Ball
2-1: Ball
3-1: Foul Ball, location: 2F
3-2: Ground out 5-3 (Groundball, 56S, EV 81.3 MPH)
Top of the 2nd over - 4 runs, 3 hits, 0 errors, 3 left on base; Charleston 4 - Lexington 0
BOTTOM OF THE 2ND
Lexington Legends batting - Pitching for Charleston RiverDogs : RHP Jose Guajardo
Batting: RHB Henri Veen 0-0: Ball
1-0: Foul Ball, location: 2F
1-1: Ball
2-1: Fly out, F3 (Flyball, 3D, EV 88.8 MPH)
Batting: LHB Jose Islas 0-0: Ball
1-0: Ball
2-0: Swinging Strike
2-1: SINGLE (Groundball, 4D, EV 98.1 MPH)
Batting: RHB Leo Fernandez 0-0: Called Strike
0-1: SINGLE (Line Drive, 9LS, EV 105.0 MPH)
Jose Islas to second
Batting: RHB Danny Barajas 0-0: Ball
1-0: Ball
2-0: Called Strike
2-1: Fly out, F9 (Flyball, 9, EV 81.9 MPH)
Batting: RHB Allen Hopkins 0-0: SINGLE (Line Drive, 89S, EV 93.8 MPH)
Jose Islas to third
Leo Fernandez to second
Runner from 3rd tries for Home, SAFE, throw by RF to home
Batting: RHB Imbart Faber 0-0: Ball
1-0: DOUBLE (Flyball, 89D, EV 100.6 MPH)
Leo Fernandez scores
Allen Hopkins to third
Batting: RHB Yonetoshi Muranaka 0-0: Foul Ball, location: 2F
0-1: Ball
1-1: Fly out, F3 (Popup, 3SF, EV 80.6 MPH)
Bottom of the 2nd over - 2 runs, 4 hits, 0 errors, 2 left on base; Charleston 4 - Lexington 2
TOP OF THE 3RD
Charleston RiverDogs batting - Pitching for Lexington Legends : LHP Tony Rivera
Pitching: RHP Alex Alvarez
Batting: LHB Eric Vernon 0-0: Called Strike
0-1: Swinging Strike
0-2: Ball
1-2: Ball
2-2: Strikes out swinging
Batting: RHB Colby Macon 0-0: Ball
1-0: Called Strike
1-1: Ground out 5-3 (Groundball, 5L, EV 79.4 MPH)
Batting: RHB Doug Crouch 0-0: Called Strike
0-1: Ball
1-1: SINGLE (Line Drive, 7S, EV 92.5 MPH)
Batting: LHB Toshimi Kusumoto 0-0: Called Strike
Doug Crouch steals 2nd base
0-1: Ball
1-1: SINGLE (Line Drive, 8RS, EV 93.8 MPH)
Doug Crouch to third
Runner from 3rd tries for Home, SAFE, throw by CF to home
Batting: LHB Brad Ritter 0-0: Ball
Passed Ball!
Toshimi Kusumoto to second
1-0: Fly out, F8 (Line Drive, 8RD, EV 93.1 MPH)
Top of the 3rd over - 1 run, 2 hits, 0 errors, 1 left on base; Charleston 5 - Lexington 2
BOTTOM OF THE 3RD
Lexington Legends batting - Pitching for Charleston RiverDogs : RHP Jose Guajardo
Batting: RHB Gavin Jones 0-0: Ball
1-0: Foul Ball, location: 2F
1-1: SINGLE (Groundball, 56D, EV 96.9 MPH)
Batting: LHB Kozo Kanamori 0-0: Called Strike
0-1: Ball
1-1: Ball
2-1: Fly out, F7 (Flyball, 78S, EV 73.1 MPH)
Batting: RHB Henri Veen 0-0: Fielders Choice at 2nd, 4-6 (Groundball, 4, EV 84.4 MPH)
Batting: LHB Jose Islas 0-0: Ball
1-0: Fly out, F8 (Flyball, 89D, EV 105.0 MPH)
Bottom of the 3rd over - 0 runs, 1 hit, 0 errors, 1 left on base; Charleston 5 - Lexington 2
TOP OF THE 4TH
Charleston RiverDogs batting - Pitching for Lexington Legends : RHP Alex Alvarez
Batting: RHB Eric Blais 0-0: Swinging Strike
0-1: Fly out, F8 (Flyball, 8RXD, EV 91.3 MPH)
Batting: LHB Javier Casas 0-0: Ball
1-0: Ball
2-0: Ball
3-0: Called Strike
3-1: Base on Balls
Batting: LHB Carlos del Cueto 0-0: Swinging Strike
0-1: Ball
Javier Casas steals 2nd base
1-1: Ball
2-1: Foul Ball, location: 2F
2-2: Foul Ball, location: 2F
2-2: Ball
3-2: SINGLE (Line Drive, 7S, EV 94.4 MPH)
Javier Casas to third
Batting: RHB Frank Granado 0-0: Ball
1-0: Called Strike
1-1: Grounds into double play, 4-6-3 (Groundball, 4M, EV 83.1 MPH)
Top of the 4th over - 0 runs, 1 hit, 0 errors, 1 left on base; Charleston 5 - Lexington 2
BOTTOM OF THE 4TH
Lexington Legends batting - Pitching for Charleston RiverDogs : RHP Jose Guajardo
Batting: RHB Leo Fernandez 0-0: Fly out, F9 (Line Drive, 9, EV 86.9 MPH)
Batting: RHB Danny Barajas 0-0: Ground out 6-3 (Groundball, 6, EV 85.0 MPH)
Batting: RHB Allen Hopkins 0-0: Ball
1-0: Ground out 5-3 (Groundball, 56, EV 83.8 MPH)
Bottom of the 4th over - 0 runs, 0 hits, 0 errors, 0 left on base; Charleston 5 - Lexington 2
TOP OF THE 5TH
Charleston RiverDogs batting - Pitching for Lexington Legends : RHP Alex Alvarez
Batting: LHB Eric Vernon 0-0: Ball
1-0: Fly out, F7 (Flyball, 7, EV 81.9 MPH)
Batting: RHB Colby Macon 0-0: Swinging Strike
0-1: Called Strike
0-2: Foul Ball, location: 2F
0-2: Ball
1-2: Ball
2-2: Ball
3-2: Foul Ball, location: 2F
3-2: SINGLE (Groundball, 6D, EV 101.9 MPH)
Batting: RHB Doug Crouch 0-0: Called Strike
Colby Macon steals 2nd base
0-1: Fly out, F4 (Line Drive, 4, EV 72.5 MPH)
Batting: LHB Toshimi Kusumoto 0-0: Called Strike
0-1: Ball
Wild Pitch!
Colby Macon to third
1-1: Fly out, F8 (Flyball, 8LD, EV 106.3 MPH)
Top of the 5th over - 0 runs, 1 hit, 0 errors, 1 left on base; Charleston 5 - Lexington 2
BOTTOM OF THE 5TH
Lexington Legends batting - Pitching for Charleston RiverDogs : RHP Jose Guajardo
Batting: RHB Imbart Faber 0-0: Ball
1-0: Called Strike
1-1: Swinging Strike
1-2: Strikes out looking
Batting: RHB Yonetoshi Muranaka 0-0: Ball
1-0: SOLO HOME RUN (Flyball, 78XD, EV 101.9 MPH), Distance : 409 ft
Batting: RHB Gavin Jones 0-0: Called Strike
0-1: Ball
1-1: Ball
2-1: Ball
3-1: Fly out, F6 (Popup, 56, EV 55.0 MPH)
Batting: LHB Kozo Kanamori 0-0: Ball
1-0: Ground out 4-3 (Groundball, 34D, EV 84.4 MPH)
Bottom of the 5th over - 1 run, 1 hit, 0 errors, 0 left on base; Charleston 5 - Lexington 3
TOP OF THE 6TH
Charleston RiverDogs batting - Pitching for Lexington Legends : RHP Alex Alvarez
Batting: LHB Brad Ritter 0-0: Called Strike
0-1: Swinging Strike
0-2: Ball
1-2: SINGLE (Groundball, 56D, EV 97.5 MPH)
Batting: RHB Eric Blais 0-0: Foul Ball, location: 2F
0-1: Ball
1-1: Ball
2-1: Ball
3-1: Called Strike
3-2: Fly out, F9 (Flyball, 89XD, EV 86.3 MPH)
Batting: LHB Javier Casas 0-0: Ball
1-0: Ball
2-0: Called Strike
2-1: Foul Ball, location: 2F
2-2: Foul Ball, location: 2F
2-2: Foul Ball, location: 2F
2-2: Ball
3-2: Fly out, F5 (Flyball, 56D, EV 85.0 MPH)
Pitching: RHP Fernando Fierros
Batting: LHB Carlos del Cueto 0-0: Swinging Strike
0-1: Ball
1-1: Ball
2-1: Foul Ball, location: 2F
2-2: Foul Ball, location: 2F
2-2: Foul Ball, location: 2F
2-2: Fly out, F8 (Flyball, 8RM, EV 90.0 MPH)
Top of the 6th over - 0 runs, 1 hit, 0 errors, 1 left on base; Charleston 5 - Lexington 3
BOTTOM OF THE 6TH
Lexington Legends batting - Pitching for Charleston RiverDogs : RHP Jose Guajardo
Batting: RHB Henri Veen 0-0: Ball
1-0: Ball
2-0: Called Strike
2-1: SOLO HOME RUN (Flyball, 7D, EV 100.0 MPH), Distance : 394 ft
Batting: LHB Jose Islas 0-0: Called Strike
0-1: Swinging Strike
0-2: Strikes out looking
Batting: RHB Leo Fernandez 0-0: Ground out 6-3 (Groundball, 6, EV 98.8 MPH)
Batting: RHB Danny Barajas 0-0: Foul Ball, location: 2F
0-1: Foul Ball, location: 2F
0-2: Ball
1-2: Ground out U3 (Groundball, 34, EV 112.5 MPH)
Bottom of the 6th over - 1 run, 1 hit, 0 errors, 0 left on base; Charleston 5 - Lexington 4
TOP OF THE 7TH
Charleston RiverDogs batting - Pitching for Lexington Legends : RHP Fernando Fierros
Batting: RHB Frank Granado 0-0: Swinging Strike
0-1: Ball
1-1: Foul Ball, location: 2F
1-2: Ball
2-2: Ball
3-2: Base on Balls
Batting: LHB Eric Vernon 0-0: Ball
1-0: Ball
2-0: Called Strike
2-1: Ball
3-1: Base on Balls
Frank Granado to second
Batting: RHB Colby Macon 0-0: Ball
1-0: Bunted foul
1-1: Sac Bunt to 15S - play at first, batter OUT! 1-4
Frank Granado to third
Eric Vernon to second
Batting: RHB Doug Crouch 0-0: Called Strike
0-1: Ball
1-1: Ball
2-1: Ball
3-1: Called Strike
3-2: Foul Ball, location: 2F
3-2: Foul Ball, location: 2F
3-2: Base on Balls
Batting: LHB Toshimi Kusumoto 0-0: Ball
1-0: Ball
2-0: Ball
3-0: Swinging Strike
3-1: Base on Balls
Frank Granado scores
Eric Vernon to third
Doug Crouch to second
Batting: LHB Brad Ritter 0-0: Ball
1-0: Fly out, F8 (Flyball, 89M, EV 95.6 MPH)
Runner from 3rd tags up, SCORES, throw by CF
Doug Crouch to third
Batting: RHB Eric Blais 0-0: Called Strike
0-1: Swinging Strike
0-2: Ball
1-2: Strikes out looking
Top of the 7th over - 2 runs, 0 hits, 0 errors, 2 left on base; Charleston 7 - Lexington 4
BOTTOM OF THE 7TH
Lexington Legends batting - Pitching for Charleston RiverDogs : RHP Jose Guajardo
Batting: RHB Allen Hopkins 0-0: Called Strike
0-1: Swinging Strike
0-2: Ball
1-2: Foul Ball, location: 2F
1-2: Fly out, F9 (Flyball, 89M, EV 96.3 MPH)
Batting: RHB Imbart Faber 0-0: Called Strike
0-1: Ball
1-1: Called Strike
1-2: Ball
2-2: Strikes out swinging
Batting: RHB Yonetoshi Muranaka 0-0: Fly out, F9 (Flyball, 89D, EV 102.5 MPH)
Bottom of the 7th over - 0 runs, 0 hits, 0 errors, 0 left on base; Charleston 7 - Lexington 4
TOP OF THE 8TH
Charleston RiverDogs batting - Pitching for Lexington Legends : RHP Fernando Fierros
Batting: LHB Javier Casas 0-0: Swinging Strike
0-1: Ball
1-1: Swinging Strike
1-2: Ball
2-2: Foul Ball, location: 2F
2-2: Ball
3-2: Base on Balls
Batting: LHB Carlos del Cueto 0-0: Fly out, F2 (Popup, 2LF, EV 93.1 MPH)
Batting: RHB Frank Granado 0-0: Ball
1-0: Ball
2-0: Called Strike
Javier Casas steals 2nd base
2-1: Ball
3-1: Base on Balls
Batting: LHB Eric Vernon 0-0: Swinging Strike
0-1: Ball
1-1: Swinging Strike
1-2: Ball
2-2: Ball
3-2: Fielders Choice at 2nd, 3-6 (Groundball, 3S, EV 79.4 MPH)
Javier Casas to third
Batting: RHB Colby Macon 0-0: Fly out, F9 (Flyball, 9, EV 88.8 MPH)
Top of the 8th over - 0 runs, 0 hits, 0 errors, 2 left on base; Charleston 7 - Lexington 4
BOTTOM OF THE 8TH
Lexington Legends batting - Pitching for Charleston RiverDogs : RHP Jose Guajardo
Pitching: RHP Takuzo Okimura
Batting: RHB Gavin Jones 0-0: Foul Ball, location: 2F
0-1: Swinging Strike
0-2: Ball
1-2: Ball
2-2: Foul Ball, location: 2F
2-2: Strikes out swinging
Batting: LHB Kozo Kanamori 0-0: Ball
1-0: DOUBLE (Flyball, 8RXD, EV 94.4 MPH)
Batting: RHB Henri Veen 0-0: Ball
Passed Ball!
Kozo Kanamori to third
1-0: Ball
2-0: Called Strike
2-1: Ball
3-1: Base on Balls
Batting: LHB Jose Islas 0-0: Swinging Strike
0-1: Ball
1-1: Ball
2-1: Called Strike
2-2: Ball
3-2: Strikes out looking
Henri Veen steals 2nd base
Batter strikes out.
Batting: RHB Leo Fernandez 0-0: Foul Ball, location: 2F
0-1: Ball
1-1: Foul Ball, location: 2F
1-2: Strikes out looking
Bottom of the 8th over - 0 runs, 1 hit, 0 errors, 2 left on base; Charleston 7 - Lexington 4
TOP OF THE 9TH
Charleston RiverDogs batting - Pitching for Lexington Legends : RHP Fernando Fierros
Batting: RHB Doug Crouch 0-0: Ball
1-0: Foul Ball, location: 2F
1-1: Ball
2-1: Foul Ball, location: 2F
2-2: Fly out, F6 (Line Drive, 6, EV 61.9 MPH)
Batting: LHB Toshimi Kusumoto 0-0: Ball
1-0: Ball
2-0: Called Strike
2-1: Ball
3-1: Ground out 5-3 (Groundball, 56, EV 83.8 MPH)
Batting: LHB Brad Ritter 0-0: Fly out, F8 (Line Drive, 8RM, EV 91.9 MPH)
Top of the 9th over - 0 runs, 0 hits, 0 errors, 0 left on base; Charleston 7 - Lexington 4
BOTTOM OF THE 9TH
Lexington Legends batting - Pitching for Charleston RiverDogs : RHP Takuzo Okimura
Pitching: RHP Jose Tavira
Batting: RHB Danny Barajas 0-0: Called Strike
0-1: Ball
1-1: Ball
2-1: Swinging Strike
2-2: Strikes out looking
Batting: RHB Allen Hopkins 0-0: Called Strike
0-1: Ball
1-1: Ball
2-1: Swinging Strike
2-2: Strikes out looking
Batting: RHB Imbart Faber 0-0: Called Strike
0-1: Fly out, F9 (Line Drive, 9, EV 95.6 MPH)
Bottom of the 9th over - 0 runs, 0 hits, 0 errors, 0 left on base; Charleston 7 - Lexington 4
Thursday, December 15th , 2022 - OOTP Baseball 23.9 Build 102